 Dungeon Crawl Stone Soup version 0.18-a0-662-gcaceebc (webtiles) character file.

8386 zercules the Spear-Bearer (level 11, -6/120 HPs)
             Began as a Centaur Hunter on Dec 5, 2015.
             Was an Elder of Okawaru.
             Mangled by a gargoyle
             ... wielding a +0 dire flail
              (8 damage)
             ... on level 10 of the Dungeon on Dec 6, 2015.
             The game lasted 01:43:21 (14343 turns).

zercules the Spear-Bearer (Centaur Hunter)         Turns: 14343, Time: 01:43:22

Health: -6/120     AC: 15    Str: 22    XL:     11   Next: 9%
Magic:  11/11      EV:  6    Int: 13    God:    Okawaru [****..]
Gold:   530        SH:  0    Dex:  8    Spells: 0 memorised, 10 levels left

rFire  + + .     SeeInvis +     a - +3 quarterstaff (drain)
rCold  + + .     Clarity  .     n - +4 chain mail "Raleam" {rF+ rC+ SInv}
rNeg   . . .     SustAt   .     (shield currently unavailable)
rPois  +         Gourm    .     (no helmet)
rElec  +         Spirit   .     I - +0 cloak
rCorr  +         Dismiss  .     (no gloves)
rMut   .         Stasis   .     (no barding)
MR     .....                    w - amulet of regeneration
Stlth  ..........               (no ring)
                                k - ring of poison resistance

@: berserking, lethally poisoned (-6 -> -25), resistant, very slightly
contaminated, hasted and slowed, very quick, not resistant to hostile
enchantments, extremely unstealthy
A: hooves 3, deformed body, speed 2, tough skin 3
a: Heroism, Renounce Religion


You were on level 10 of the Dungeon.
You worshipped Okawaru.
Okawaru was greatly pleased with you.
You were not hungry.

You visited 3 branches of the dungeon, and saw 13 of its levels.
You also visited: Ossuary.

You collected 770 gold pieces.
You spent 240 gold pieces at shops.

Inventory:

Hand Weapons
 a - a +3 quarterstaff of draining (weapon)
 b - a +1 shortbow
 g - a +0 spear of flaming
 i - a +0 great sword
 p - a +2 flail of crushing
 s - a +0 hand crossbow of evasion
 y - a +0 hunting sling
 R - a +0 battleaxe
 S - a +0 trident
Missiles
 c - 3 silver javelins (quivered)
 o - a throwing net
 t - 217 stones
 z - 60 sling bullets
 B - 143 arrows
 L - a javelin
 P - 43 poisoned needles
 Q - 11 arrows of frost
Armour
 n - the +4 chain mail "Raleam" (worn) {rF+ rC+ SInv}
   (You found it on level 7 of the Dungeon)

   It protects you from fire.
   It protects you from cold.
   It lets you see invisible.
 C - a +0 leather armour
 I - a +0 cloak (worn)
Jewellery
 k - a ring of poison resistance (left hand)
 w - an amulet of regeneration (around neck)
Wands
 j - a wand of enslavement (2)
 H - a wand of flame (3)
 M - a wand of confusion (17)
 N - a wand of draining (2)
Scrolls
 d - a scroll of remove curse
 e - a scroll of fog
 x - 2 scrolls of random uselessness
 A - 3 scrolls of enchant weapon
 E - 2 scrolls of magic mapping
Potions
 f - a potion of brilliance
 q - a potion of resistance
 v - a potion of berserk rage
 D - a potion of mutation
 G - a potion of magic
 J - a potion of degeneration
Books
 K - a book of the Dragon

   Spells                             Type                      Level
   a - Flame Tongue                   Conjuration/Fire             1
   b - Cause Fear                     Hexes                        4
   c - Bolt of Fire                   Conjuration/Fire             6
   d - Dragon Form                    Transmutation                7
   e - Dragon's Call                  Summoning                    9
Miscellaneous
 l - a plain deck of changes {drawn: 1}
Comestibles
 m - 7 bread rations
 r - 6 meat rations
 F - 8 fruits


   Skills:
 - Level 2.4 Fighting
   Level 0.1 Short Blades
 - Level 8.8(10.3) Polearms
 - Level 8.6(10.2) Staves
 + Level 0.3 Bows
 - Level 4.3 Throwing
 + Level 8.1 Armour
 - Level 1.3 Dodging
 - Level 0.5 Stealth


You had 10 spell levels left.
You didn't know any spells.

Dungeon Overview and Level Annotations

Branches:
Dungeon (11/15)            Temple (1/1) D:4            Lair (1/8) D:10
    Orc: D:9-12

Altars:
Ashenzari
Cheibriados
Dithmenos
Elyvilon
Fedhas
Gozag
Kikubaaqudgha
Makhleb
Nemelex Xobeh
Okawaru
Pakellas
Qazlal
Ru
Trog
Vehumet
Xom
Yredelemnul
The Shining One
Beogh

Shops:
D:10 =

Annotations:
D:4 GeneralIdiocy's ghost, novice FoFi
D:10 Sonja


Innate Abilities, Weirdness & Mutations

You have hooves in place of feet.
Armour fits poorly on your strangely shaped body.
You cover ground very quickly.
You have extremely tough skin (AC +3).


Message History

You feel very sick.
Sonja hits you with an uncursed short sword of venom!
* * * LOW HITPOINT WARNING * * *
Sonja hits you with an uncursed short sword of venom.
* * * LOW HITPOINT WARNING * * *
Sonja hits you but does no damage.
The gargoyle hits you with a dire flail!
* * * LOW HITPOINT WARNING * * *
Sonja hits you but does no damage. x3
You are more poisoned.
Drink which item? (? for menu, Esc to quit)
A red film seems to cover your vision as you go berserk!
You feel yourself moving faster!
You feel mighty!
* * * LOW HITPOINT WARNING * * *
You feel very sick.
Sonja hits you with an uncursed short sword of venom.
* * * LOW HITPOINT WARNING * * *
Sonja hits you but does no damage. x2
The gargoyle hits you with a dire flail!
You die...

........P......# #.........#...
....P...P......# #.........'...
####PP.PP......#####.........#...
.....#.................#####.#...
.....#.............(..#....#.#...
.....#.....................#.#...
.....#..#'###.......#.∩.#..#.#...
.....#..'...#..............#.#...
.....#..#...#..K@9....##'###.####
######..#...#....................
........#####(...................
######.....(...................##
#....############...........
#....#....(.((K.............
#....#........#'............
#....##...9...#.#.(.........
#.....#(......#.#.(..>......


You could see Sonja and a gargoyle.

Vanquished Creatures
  2 hill giants
  A manticore (D:9)
  3 slime creatures (D:10)
  A spriggan (D:7)
  2 wyverns
  A hippogriff (D:8)
  Eustachio (D:6)
  A deep elf mage (D:9)
  2 hungry ghosts
  Edmund (D:6)
  4 porcupines (D:10)
  An ice beast (D:7)
  4 orc warriors
  3 ogres
  A phantom (D:11)
  A sky beast (D:7)
  2 necrophages
  3 black bears
  5 centaurs
  2 crocodiles (D:10)
  A gnoll sergeant (D:6)
  6 giant frogs
  3 scorpions
  A wyvern skeleton (D:9)
  11 killer bees
  2 jellies
  A centaur zombie (D:6)
  4 hounds
  A giant frog zombie (D:10)
  3 quasits
  5 crimson imps
  2 centaur skeletons
  3 iguanas
  8 orc wizards
  8 worker ants
  A hound zombie (D:10)
  A hound skeleton (D:6)
  3 mummies (Ossuary)
  7 gnolls
  A shadow imp (D:10)
  12 adders
  An adder skeleton (D:5)
  An adder zombie (D:8)
  5 worms
  7 giant geckos
  64 orcs
  A ball python (D:3)
  4 giant cockroaches
  7 goblins
  7 hobgoblins
  5 jackals
  4 kobolds
  3 quokkas
  8 bats
  A giant gecko zombie (D:6)
  4 giant newts
  A gnoll zombie (Ossuary)
  A jackal skeleton (D:4)
  2 kobold zombies (Ossuary)
  2 quokka zombies
  14 rats
  3 rat zombies (Ossuary)
  2 butterflies (D:4)
272 creatures vanquished.

Vanquished Creatures (others)
  A quokka (D:10)
  2 fungi (D:10)
3 creatures vanquished.

Grand Total: 275 creatures vanquished

Notes
Turn   | Place    | Note
--------------------------------------------------------------
     0 | D:1      | zercules the Centaur Hunter began the quest for the Orb.
     0 | D:1      | Reached XP level 1. HP: 17/17 MP: 1/1
   493 | D:1      | Found a sparkling altar of Nemelex Xobeh.
   533 | D:1      | Reached XP level 2. HP: 11/25 MP: 2/2
   720 | D:1      | Reached skill level 1 in Polearms
  1246 | D:2      | Reached XP level 3. HP: 6/30 MP: 3/3
  1614 | D:2      | Reached XP level 4. HP: 32/37 MP: 4/4
  2330 | D:3      | Reached skill level 1 in Staves
  2482 | D:3      | Reached XP level 5. HP: 38/42 MP: 5/5
  2979 | D:4      | Found a radiant altar of Vehumet.
  3569 | D:4      | Found a snail-covered altar of Cheibriados.
  3573 | D:4      | Noticed a centaur
  3580 | D:4      | Killed a centaur
  3580 | D:4      | Reached XP level 6. HP: 7/50 MP: 6/6
  3894 | D:4      | Noticed GeneralIdiocy's ghost (novice FoFi)
  3904 | D:5      | Entered Level 5 of the Dungeon
  4386 | D:5      | Reached skill level 5 in Staves
  4410 | D:5      | Found a sand-covered staircase.
  4426 | Ossuary  | Entered an ossuary
  4428 | Ossuary  | Reached XP level 7. HP: 41/56 MP: 7/7
  5087 | D:5      | Reached skill level 6 in Staves
  5556 | D:4      | Found a white marble altar of Elyvilon.
  5618 | D:4      | Found a staircase to the Ecumenical Temple.
  5629 | Temple   | Entered the Ecumenical Temple
  5736 | Temple   | Became a worshipper of Warmaster Okawaru
  6978 | D:6      | Found a shattered altar of Ashenzari.
  7412 | D:7      | Got a crude chain mail
  7441 | D:6      | Identified the +4 chain mail "Raleam" {rF+ rC+ SInv} (You found it on level 7 of the Dungeon)
  7609 | D:6      | Reached skill level 7 in Staves
  7609 | D:6      | Reached skill level 1 in Armour
  7630 | D:6      | Noticed Eustachio
  7661 | D:6      | Killed Eustachio
  7661 | D:6      | Reached XP level 8. HP: 58/62 MP: 8/8
  7826 | D:6      | Noticed Edmund
  7838 | D:6      | Killed Edmund
  7838 | D:6      | Reached * piety under Okawaru
  8162 | D:7      | Reached skill level 8 in Staves
  8605 | D:7      | Reached XP level 9. HP: 59/68 MP: 9/9
  8726 | D:7      | Reached ** piety under Okawaru
  8969 | D:8      | Noticed a moth of wrath
  8972 | D:8      | Found a bloodstained altar of Trog.
  9176 | D:8      | Found a glowing golden altar of the Shining One.
  9232 | D:9      | Reached skill level 5 in Armour
  9285 | D:9      | Reached skill level 5 in Polearms
  9399 | D:9      | Found a roughly hewn altar of Beogh.
  9836 | D:9      | Noticed a manticore
  9853 | D:9      | Killed a manticore
  9853 | D:9      | Reached *** piety under Okawaru
 10344 | D:9      | Drew Focus: Str increased to 17, Dex decreased to 8
 10406 | D:10     | Entered Level 10 of the Dungeon
 10581 | D:8      | Got a distressingly furry leather armour
 10685 | D:8      | Reached XP level 10. HP: 74/74 MP: 10/10
 10756 | D:8      | Identified the cursed +1 leather armour of Basefap {rElec Str-2 Int-2 Stlth+} (You found it on level 8 of the Dungeon)
 10890 | D:8      | Upgraded the game from 0.18-a0-641-g4caf58e to 0.18-a0-662-gcaceebc
 12635 | D:11     | Noticed a hill giant
 12716 | D:10     | Found Maerr's Jewellery Shop.
 12719 | D:10     | Reached **** piety under Okawaru
 12729 | D:10     | Bought an uncursed ring of poison resistance for 240 gold pieces
 13072 | D:10     | Found a staircase to the Lair.
 13091 | D:10     | Noticed a hill giant
 13243 | D:10     | Killed a hill giant
 13769 | D:11     | Received a gift from Okawaru
 13860 | D:11     | Killed a hill giant
 13860 | D:11     | Reached XP level 11. HP: 44/80 MP: 8/11
 13978 | D:11     | Noticed a hill giant
 14094 | Lair:1   | Entered Level 1 of the Lair of Beasts
 14298 | D:10     | Noticed Sonja
 14343 | D:10     | HP: 2/120 [Sonja/uncursed short sword of venom (5)]
 14343 | D:10     | Mangled by a gargoyle

Vault maps used:
D:1:      dpeg_arrival_fog, nemelex_deck
D:2:      minmay_misc_feat_alley
D:3:      serial_curves, eino_curves_04, eino_curves_02,
          minmay_item_behind_shaft, minmay_misc_feat_columns, feat_on_display
D:4:      lemuel_doored_altar, kennysheep_mini_moat, elyvilon_altar_1,
          cheibriados_altar_1, vehumet_altar_wand_db,
          minmay_temple_entry_butterflies, kennysheep_generic_room_4
D:5:      first_bread, nicolae_ossuary_entry_plus, kennysheep_generic_room_10
D:6:      nicolae_ashenzari_panopticon, lightli_orcish_oven, uniq_edmund,
          uniq_eustachio
D:7:      the_bakery
D:8:      old_standard_altar, tgw_trog
D:10:     dpeg_lair_monsters, serial_shops, nicolae_shop_stone,
          minmay_gold_behind_fungi, uniq_sonja
Temple:   triangle_lava_temple_12
Ossuary:  ossuary_minmay_chase

Action                   |  1- 3 |  4- 6 |  7- 9 | 10-12 || total
-------------------------+-------+-------+-------+-------++-------
Melee: Short sword       |    17 |       |       |       ||    17
       Spear             |    87 |     6 |   147 |   133 ||   373
       Quarterstaff      |       |   138 |   431 |   299 ||   868
       Flail             |       |       |       |    28 ||    28
 Fire: Hunting sling     |       |       |    19 |     8 ||    27
       Shortbow          |       |       |     3 |     9 ||    12
Throw: Javelin           |    22 |    14 |    43 |    22 ||   101
       Throwing net      |     3 |       |     6 |     2 ||    11
       Stone             |       |       |     3 |     5 ||     8
       Tomahawk          |       |       |       |     7 ||     7
Invok: Heroism           |       |       |     5 |    12 ||    17
Evoke: Wand              |       |       |     2 |    10 ||    12
       Deck              |       |       |     1 |       ||     1
  Use: Potion            |     1 |     1 |     4 |     8 ||    14
       Scroll            |       |     6 |     7 |     9 ||    22
 Stab: Held in net/web   |       |       |     1 |       ||     1
       Invisible         |       |       |       |     3 ||     3
  Eat: Chunk             |     1 |     3 |     8 |     5 ||    17
       Bread ration      |       |     1 |     2 |     3 ||     6
       Fruit             |       |       |     6 |     1 ||     7
       Beef jerky        |       |       |     2 |       ||     2
       Royal jelly       |       |       |     1 |       ||     1
